[Event "Titled Tuesday Blitz February 15 Late 2022"]
[White "Wieczorek, Oskar"]
[Black "Fiorito, Fabian"]
[WhiteFideId "1133950"]
[BlackFideId "100200"]
[WhiteElo "2319"]
[BlackElo "2395"]
[Result "1-0"]
[Round "03"]
[TimeControl "180+1"]
[Date "2022.02.16"]
[WhiteClock "0:00:01"]
[BlackClock "0:01:01"]

1. e4 c6 2. d4 d5 3. Nd2 dxe4 4. Nxe4 Nf6 5. Nxf6+ exf6 6. Be2 Bd6 7. Bf3 O-O 8. Ne2 Bf5 9. O-O Nd7 10. c4 Re8 11. Be3 Nf8 12. c5 Bc7 13. d5 cxd5 14. Bxd5 Bg4 15. Re1 Ba5 16. Bxb7 Bxe1 17. Bxa8 Bxf2+ 18. Kxf2 Qxa8 19. Qd4 Bxe2 20. Kxe2 Qxg2+ 21. Kd3 Ne6 22. Qc4 Rd8+ 23. Kc3 Qf3 24. Re1 Nf4 25. Qxf4 Qd5 26. Qc4 Qe5+ 27. Kc2 Qf5+ 28. Kc1 h6 29. b4 Qe5 30. Kc2 a5 31. Bd2 Qxh2 32. Re2 Qg3 33. b5 Qa3 34. c6 Qd6 35. Bxa5 Ra8 36. c7 Kh7 37. Qd3+ Qxd3+ 38. Kxd3 Rxa5 39. c8=Q Rxb5 40. a4 Ra5 41. Qc6 h5 42. Kc4 h4 43. Kb4 Rh5 44. a5 h3 45. a6 h2 46. Re1 Rh4+ 47. Ka5 g5 48. a7 Rh3 49. a8=Q Ra3+ 50. Kb6 Rxa8 51. Qxa8 Kg6 52. Qc6 g4 53. Qg2 Kg5 54. Qxh2 f5 55. Rf1 f4 56. Qxf4+ Kh5 57. Qxf7+ Kh4 58. Qf4 Kh3 59. Rh1+ Kg2 60. Qxg4+ Kxh1 61. Kc7 Kh2 62. Kd6 Kh1 63. Ke7 Kh2 64. Kf8 Kh1 65. Kg7 Kh2 66. Kh8 Kh1 67. Kh7 Kh2 68. Kg6 Kh1 69. Kf5 Kh2 70. Ke4 Kh1 71. Kd3 Kh2 72. Kc2 Kh1 73. Kc1 Kh2 74. Kd2 Kh1 75. Kd1 Kh2 76. Ke2 Kh1 77. Ke1 Kh2 78. Kf2 Kh1 79. Qg5 Kh2 80. Qg6 Kh3 81. Qg7 Kh4 82. Qg8 Kh5 83. Kf3 Kh6 84. Kf4 Kh5 85. Qg5# 1-0


[Site "https://www.chess.com"]

[Event "Titled Tuesday Blitz February 15 Late 2022"]
[White "Xie, Bryan"]
[Black "Petersson, Kjell"]
[WhiteFideId "30941296"]
[BlackFideId "1705148"]
[WhiteElo "1899"]
[BlackElo "2009"]
[Result "1-0"]
[Round "03"]
[TimeControl "180+1"]
[Date "2022.02.16"]
[WhiteClock "0:00:51"]
[BlackClock "0:00:57"]

1. d4 f5 2. Nf3 Nf6 3. Bf4 e6 4. e3 Be7 5. Be2 b6 6. Nbd2 Bb7 7. h3 O-O 8. O-O Ne4 9. Nxe4 Bxe4 10. Nd2 Bb7 11. Bf3 Bxf3 12. Qxf3 d5 13. c4 c6 14. cxd5 exd5 15. Rac1 Bd6 16. Rfe1 a5 17. Qg3 Bxf4 18. exf4 Qd7 19. Nf3 Qb7 20. Re6 b5 21. Ne5 Ra6 22. h4 Nd7 23. Re7 g6 24. Nxg6 Rf7 25. Ne5+ Kf8 26. Rxf7+ Ke8 27. Qg8+ Nf8 28. Qxf8# 1-0


[Site "https://www.chess.com"]

[Event "Titled Tuesday Blitz February 15 Late 2022"]
[White "Xiong, Jeffery"]
[Black "Petrosyan, Manuel"]
[WhiteFideId "2047640"]
[BlackFideId "13300857"]
[WhiteElo "2727"]
[BlackElo "2592"]
[Result "1-0"]
[Round "03"]
[TimeControl "180+1"]
[Date "2022.02.15"]
[WhiteClock "0:00:38"]
[BlackClock "0:00:05"]

1. d4 Nf6 2. c4 e6 3. Nc3 Bb4 4. Nf3 d5 5. Qa4+ Nc6 6. Bd2 dxc4 7. e3 Bd7 8. Qc2 Na5 9. Ne5 O-O 10. Nxc4 c5 11. dxc5 Nxc4 12. Bxc4 Rc8 13. a3 Bxc5 14. Be2 Bc6 15. O-O Bd6 16. Rfd1 Nd5 17. Bf3 Nxc3 18. Bxc3 Bxf3 19. gxf3 Qe7 20. Qe4 f5 21. Qa4 Rcd8 22. Kh1 a6 23. Qc4 Rf7 24. Rd2 Re8 25. Rad1 Bb8 26. Qa4 Ref8 27. Rd7 Qg5 28. Rg1 1-0


[Site "https://www.chess.com"]

[Event "Titled Tuesday Blitz February 15 Late 2022"]
[White "Yurovskykh, Oleksandr"]
[Black "Ozdemir, Serhan Berat"]
[WhiteFideId "14134020"]
[BlackFideId "6374611"]
[WhiteElo "2292"]
[BlackElo "1920"]
[Result "0-1"]
[Round "03"]
[TimeControl "180+1"]
[Date "2022.02.16"]
[WhiteClock "0:00:02"]
[BlackClock "0:00:04"]

1. d4 Nf6 2. Nf3 g6 3. Bg5 Bg7 4. Nbd2 d5 5. e3 O-O 6. Be2 c5 7. c3 Nc6 8. O-O b6 9. Qa4 Bd7 10. Qa3 Ne4 11. Nxe4 dxe4 12. Nd2 h6 13. Bh4 g5 14. Bg3 f5 15. dxc5 e5 16. f3 f4 17. Bf2 exf3 18. Bxf3 g4 19. Bd5+ Kh8 20. e4 Qg5 21. Kh1 f3 22. Rad1 fxg2+ 23. Kxg2 h5 24. cxb6 axb6 25. Qd6 Rad8 26. Nc4 g3 27. hxg3 Bh3+ 28. Kxh3 Rxd6 29. Nxd6 Qg4+ 30. Kh2 Rxf2+ 31. Rxf2 Qxd1 32. Nf7+ Kh7 33. Ng5+ Kg6 34. Bf7+ Kxg5 35. Rf5+ Kh6 36. Rxh5+ Qxh5+ 37. Bxh5 Kxh5 38. Kg2 Kg4 39. b4 b5 40. Kf2 Bf8 41. a3 Bh6 42. Ke2 Bc1 43. Kd3 Bxa3 44. c4 Nxb4+ 45. Kc3 bxc4 46. Kxc4 Kxg3 47. Kc5 Kf4 48. Kd6 Kxe4 0-1


[Site "https://www.chess.com"]

[Event "Titled Tuesday Blitz February 15 Late 2022"]
[White "Yushko, Olga"]
[Black "Wan, Joseph"]
[WhiteFideId "14114500"]
[BlackFideId "2069890"]
[WhiteElo "2028"]
[BlackElo "2149"]
[Result "0-1"]
[Round "03"]
[TimeControl "180+1"]
[Date "2022.02.16"]
[WhiteClock "0:00:31"]
[BlackClock "0:00:53"]

1. d4 g6 2. c4 Bg7 3. Nf3 c5 4. d5 e6 5. e4 exd5 6. exd5 d6 7. Be2 Nf6 8. O-O O-O 9. h3 Bf5 10. Nc3 a6 11. Re1 Re8 12. Bg5 h6 13. Bh4 Nbd7 14. Bd3 Rxe1+ 15. Nxe1 Bxd3 16. Nxd3 Rb8 17. a4 Qc7 18. Qf3 Re8 19. Bg3 Nh5 20. Bh2 Bd4 21. Nf4 Nhf6 22. Qg3 Ne5 23. Nd3 Nxc4 24. Rc1 Bxc3 25. Rxc3 Ne4 26. Qf4 Nxc3 27. bxc3 Nb2 28. Qxh6 Nxd3 29. Bg3 Qe7 30. Bh4 Qe1+ 31. Kh2 Qe5+ 32. Bg3 Qg7 33. Qd2 Ne5 34. Qb2 f5 35. Qb6 Qd7 36. Bh4 Kg7 37. Bg5 Nf7 38. Bf4 Re4 39. Bg3 f4 40. Bh4 g5 0-1


[Site "https://www.chess.com"]

[Event "Titled Tuesday Blitz February 15 Late 2022"]
[White "Zhigalko, Sergei"]
[Black "Kaasen, Tor Fredrik"]
[WhiteFideId "13502956"]
[BlackFideId "1516647"]
[WhiteElo "2662"]
[BlackElo "2335"]
[Result "1-0"]
[Round "03"]
[TimeControl "180+1"]
[Date "2022.02.15"]
[WhiteClock "0:01:38"]
[BlackClock "0:01:04"]

1. e4 e6 2. d4 d5 3. e5 c5 4. c3 Nc6 5. Nf3 Qb6 6. a3 c4 7. Nbd2 Bd7 8. b3 cxb3 9. Nxb3 Na5 10. Nxa5 Qxa5 11. Bd2 Qa4 12. Qb1 b6 13. Bd3 Ne7 14. O-O Nf5 15. h4 Be7 16. h5 h6 17. g3 O-O-O 18. Rc1 Kb8 19. c4 Bc8 20. c5 Nxd4 21. Nxd4 Qxd4 22. Be3 Qxe5 23. Bf4 1-0


[Site "https://www.chess.com"]

[Event "Titled Tuesday Blitz February 15 Late 2022"]
[White "volunteers1998"]
[Black "Abdyzhapar, Asylbek"]
[BlackFideId "13800337"]
[WhiteElo "2272"]
[BlackElo "2331"]
[Result "0-1"]
[Round "03"]
[TimeControl "180+1"]
[Date "2022.02.16"]
[WhiteClock "0:00:03"]
[BlackClock "0:00:15"]

1. e4 c5 2. Nf3 d6 3. d4 cxd4 4. Nxd4 Nf6 5. Nc3 g6 6. Be3 Bg7 7. f3 O-O 8. g4 Nc6 9. Qd2 Be6 10. O-O-O Ne5 11. Kb1 Rc8 12. h4 Bc4 13. h5 Bxf1 14. Rhxf1 Nc4 15. Qc1 Qb6 16. hxg6 fxg6 17. Bg1 Nxb2 18. Qxb2 Rxc3 19. Qxb6 axb6 20. Ne6 Rfc8 21. Nxg7 Kxg7 22. Rd2 Kf7 23. Bxb6 h5 24. gxh5 Nxh5 25. Bd4 R3c4 26. f4 Ng3 27. Re1 Rb4+ 28. Kc1 Rcc4 29. c3 Rb5 30. e5 Nf5 31. exd6 exd6 32. Rh1 Nxd4 33. Rxd4 Rxc3+ 34. Kd2 Rc6 35. Rh7+ Kf6 36. Rd7 Ke6 37. Rg7 Kf5 38. Rd7 Rb2+ 39. Kd3 Rb1 40. Kd2 Rb2+ 41. Kd3 Rxa2 42. R4xd6 Rxd6+ 43. Rxd6 Rb2 44. Rd4 b5 45. Ke3 Rb3+ 46. Ke2 Kg4 47. Rd6 Kf5 48. Rd4 Rc3 49. Rd5+ Kxf4 50. Rxb5 g5 51. Kf2 g4 52. Rb4+ Kg5 53. Rb8 Rc2+ 54. Kg1 Kh4 55. Rh8+ Kg3 56. Rf8 Rc1+ 57. Rf1 Rxf1+ 58. Kxf1 Kh2 0-1


[Site "https://www.chess.com"]

[Event "Titled Tuesday Blitz February 15 Late 2022"]
[White "Abdrlauf, Elham"]
[Black "Sargsyan, Anna M."]
[WhiteFideId "1533533"]
[BlackFideId "13308130"]
[WhiteElo "2334"]
[BlackElo "2271"]
[Result "1-0"]
[Round "04"]
[TimeControl "180+1"]
[Date "2022.02.15"]
[WhiteClock "0:01:30"]
[BlackClock "0:01:05"]

1. e4 c6 2. d4 d5 3. Nc3 dxe4 4. Nxe4 Nd7 5. Nf3 Ngf6 6. Nxf6+ Nxf6 7. Bc4 Bf5 8. O-O e6 9. Re1 Bd6 10. Qe2 O-O 11. Bg5 h6 12. Bh4 Be7 13. Rad1 Nd5 14. Bxe7 Qxe7 15. c3 Qf6 16. Ne5 Nf4 17. Qf3 Qg5 18. g3 Nh3+ 19. Kg2 Rad8 20. Bd3 f6 21. Bxf5 fxe5 22. Rxe5 Rxf5 23. Rxf5 exf5 24. Kxh3 Re8 25. Kg2 Re4 26. d5 cxd5 27. Rxd5 g6 28. Qxe4 1-0


[Site "https://www.chess.com"]

[Event "Titled Tuesday Blitz February 15 Late 2022"]
[White "Abdyzhapar, Asylbek"]
[Black "Bluebaum, Matthias"]
[WhiteFideId "13800337"]
[BlackFideId "24651516"]
[WhiteElo "2575"]
[BlackElo "2810"]
[Result "0-1"]
[Round "04"]
[TimeControl "180+1"]
[Date "2022.02.16"]
[WhiteClock "0:00:02"]
[BlackClock "0:01:08"]

1. d4 Nf6 2. Bf4 d5 3. e3 c5 4. c3 Nc6 5. Nd2 Bf5 6. Qb3 Qc8 7. Ngf3 e6 8. Nh4 Be4 9. f3 Bg6 10. Nxg6 hxg6 11. g4 Be7 12. Be2 Nd7 13. Kf2 c4 14. Qc2 Bh4+ 15. Bg3 Qc7 16. f4 O-O-O 17. b3 cxb3 18. axb3 g5 19. Kg2 gxf4 20. exf4 Nxd4 21. Qd3 Nxe2 22. Qxe2 Bxg3 23. hxg3 Rxh1 24. Rxh1 Qxc3 25. g5 Kb8 26. Nf3 Qxb3 27. Rh7 Rc8 28. Ne1 Nc5 29. Qe5+ Ka8 30. Qc7 Rb8 31. Qxc5 Qb1 32. Nc2 Qd1 33. Nd4 Qd2+ 34. Kh3 Qd3 35. Rh4 Qf1+ 36. Kg4 Qd1+ 37. Nf3 f5+ 38. gxf6 gxf6 39. Qc3 Rg8+ 40. Kh3 Qf1+ 41. Kh2 Qf2+ 42. Kh1 Qxg3 43. Rh2 a6 44. Qe3 e5 45. fxe5 fxe5 46. Qf2 Qf4 47. Ne1 Qe4+ 48. Ng2 d4 49. Rh4 Qb1+ 50. Kh2 Qg6 51. Rh3 a5 52. Qd2 Kb8 0-1


[Site "https://www.chess.com"]

[Event "Titled Tuesday Blitz February 15 Late 2022"]
[White "Adewumi, Tanitoluwa"]
[Black "Qashashvili, Alexandre"]
[WhiteFideId "30966396"]
[BlackFideId "13600842"]
[WhiteElo "2548"]
[BlackElo "2316"]
[Result "1/2-1/2"]
[Round "04"]
[TimeControl "180+1"]
[Date "2022.02.16"]
[WhiteClock "0:00:09"]
[BlackClock "0:00:07"]

1. b3 c6 2. Bb2 d5 3. e3 Nf6 4. Nf3 Bg4 5. Be2 e6 6. Ne5 Bxe2 7. Qxe2 Nbd7 8. O-O Nxe5 9. Bxe5 Bd6 10. Bb2 Qe7 11. d3 O-O 12. a3 h6 13. Nd2 e5 14. Nf3 e4 15. Nd4 Be5 16. g3 c5 17. Nf5 Qe6 18. Bxe5 Qxe5 19. Nh4 Rfe8 20. Rad1 Rad8 21. d4 cxd4 22. Rxd4 Rc8 23. Rfd1 Rc7 24. R1d2 Rec8 25. Ng2 Qe7 26. a4 Qa3 27. Nf4 Qc1+ 28. Kg2 Rxc2 29. Nxd5 Nxd5 30. Rxd5 Rxd2 31. Rxd2 Qc3 32. Qg4 Re8 33. Qd7 Re6 34. Qd8+ Kh7 35. Rd7 Rf6 36. b4 Qxb4 37. Rd4 Qb2 38. Rd2 Qe5 39. Rd4 Qf5 40. Rd2 Qf3+ 41. Kg1 Rc6 42. Rd1 Rc2 43. Rf1 f5 44. Qd5 Rb2 45. Qd4 Rb6 46. a5 Ra6 47. Qd5 b6 48. axb6 Rxb6 49. Qa5 Rb2 50. Qxa7 Rd2 51. Qa4 Rd3 52. Qc2 h5 53. h4 Kh6 54. Qc6+ Kh7 55. Qc2 Kh6 56. Kh2 Kh7 57. Qc8 Rd2 58. Kg1 Rd1 59. Rxd1 Qxd1+ 60. Kg2 Qf3+ 61. Kg1 Qg4 62. Qe6 Qg6 63. Qe5 Kh6 64. Qf4+ Kh7 65. Kh2 Qg4 66. Qe5 Qg6 67. Kg2 Qg4 68. Kf1 Qd1+ 69. Kg2 Qf3+ 70. Kg1 Qg4 71. Qd4 Qf3 72. Kf1 Qg4 73. Ke1 Qf3 74. Qe5 Qg4 75. Kd2 Qf3 76. Ke1 Qg4 77. Qe6 Qf3 78. Qe8 Qh1+ 79. Kd2 Qf3 80. Ke1 Qh1+ 81. Ke2 Qf3+ 82. Kf1 Qh1+ 83. Ke2 Qf3+ 84. Ke1 1/2-1/2


[Site "https://www.chess.com"]

[Event "Titled Tuesday Blitz February 15 Late 2022"]
[White "Al Hosani, Omran"]
[Black "Terletsky, Oleg"]
[WhiteFideId "9308733"]
[BlackFideId "14116774"]
[WhiteElo "2246"]
[BlackElo "2050"]
[Result "1-0"]
[Round "04"]
[TimeControl "180+1"]
[Date "2022.02.16"]
[WhiteClock "0:00:14"]
[BlackClock "0:00:01"]

1. e4 e5 2. Nf3 Nc6 3. Bb5 a6 4. Ba4 Nf6 5. O-O Be7 6. Re1 b5 7. Bb3 d6 8. h3 O-O 9. c3 Re8 10. d4 Bb7 11. Nbd2 Bf8 12. Nf1 h6 13. Ng3 Qd7 14. a4 Rad8 15. axb5 axb5 16. d5 Ne7 17. Be3 c6 18. c4 bxc4 19. Ba4 Ra8 20. Nd2 Rxa4 21. Qxa4 cxd5 22. Qxd7 Nxd7 23. Ra7 Rb8 24. exd5 Nxd5 25. Nxc4 Nxe3 26. Nxe3 d5 27. b4 Nb6 28. b5 g6 29. Rc1 Bd6 30. h4 h5 31. Nxh5 gxh5 32. Nf5 Bf8 33. Rc7 Bc8 34. Rxf7 Be6 35. Rf6 Nc8 36. Ra3 Bxf5 37. Rg3+ Bg7 38. Rxf5 Rxb5 39. Rxe5 Nd6 40. Rxh5 Rb1+ 41. Kh2 Rb7 42. Rxd5 Ne4 43. Re3 Nxf2 44. Rf5 1-0


[Site "https://www.chess.com"]

[Event "Titled Tuesday Blitz February 15 Late 2022"]
[White "Al Mukhaini, Shima"]
[Black "Van den Dikkenberg, Erik"]
[WhiteFideId "22005854"]
[BlackFideId "1005880"]
[WhiteElo "2371"]
[BlackElo "2118"]
[Result "1-0"]
[Round "04"]
[TimeControl "180+1"]
[Date "2022.02.16"]
[WhiteClock "0:00:43"]
[BlackClock "0:00:16"]

1. b3 e5 2. Bb2 Nc6 3. e3 d5 4. Bb5 Bd6 5. f4 f6 6. fxe5 fxe5 7. Nf3 Qe7 8. Bxc6+ bxc6 9. Nxe5 Nf6 10. Nxc6 Qe4 11. Bxf6 Qxg2 12. Rf1 gxf6 13. Qh5+ Kd7 14. Nd4 Qg5 15. Qf7+ Be7 16. Qe6+ Ke8 17. Qc6+ Kf7 18. Qxa8 Qh4+ 19. Rf2 Rg8 20. Qxd5+ Kf8 21. Ne6+ Bxe6 22. Qxe6 Rg1+ 23. Ke2 Qh5+ 24. Kd3 Qb5+ 25. c4 Qg5 26. Qf5 Qh4 27. Qf4 Rg4 28. Qf3 Kf7 29. Nc3 Qg5 30. Raf1 Qg6+ 31. Ke2 Qh5 32. Qd5+ 1-0


[Site "https://www.chess.com"]

[Event "Titled Tuesday Blitz February 15 Late 2022"]
[White "Andreikin, Dmitry"]
[Black "Grigorov, Grigor"]
[WhiteFideId "4158814"]
[BlackFideId "2907313"]
[WhiteElo "2736"]
[BlackElo "2510"]
[Result "1/2-1/2"]
[Round "04"]
[TimeControl "180+1"]
[Date "2022.02.15"]
[WhiteClock "0:00:24"]
[BlackClock "0:00:13"]

1. e4 c6 2. Nf3 d5 3. d3 dxe4 4. dxe4 Qxd1+ 5. Kxd1 Nf6 6. Nfd2 h5 7. f3 h4 8. a4 g5 9. Nc4 g4 10. Nc3 h3 11. f4 Be6 12. g3 Na6 13. Be3 Bg7 14. Kc1 O-O 15. Na5 Bc8 16. Be2 Nc7 17. Rd1 Re8 18. Ra3 b6 19. Nxc6 Bb7 20. Nxa7 Nxe4 21. Ncb5 Nd5 22. Bg1 f5 23. Bc4 e6 24. Bxd5 Bxd5 25. Nc7 Rxa7 26. Nxe8 Bf8 27. Bxb6 Rb7 28. a5 Bxa3 29. bxa3 Kf7 30. Nc7 Bc6 31. c4 Nxg3 32. hxg3 h2 33. c5 h1=Q 34. Rxh1 Bxh1 35. a6 Rb8 36. a7 Rc8 37. Kd2 Ke7 38. Kc3 Kd7 39. Na6 Ba8 40. Nb8+ Ke7 41. Kd4 Rh8 42. c6 Rh1 43. Bc5+ Kd8 44. Ke5 Re1+ 45. Kd6 Kc8 46. Nd7 Rd1+ 47. Kxe6 Bxc6 48. Nb6+ Kc7 49. Kxf5 Rd8 50. Kxg4 Rg8+ 51. Kh4 Rh8+ 52. Kg5 Rg8+ 53. Kf5 Rxg3 54. a8=Q Bxa8 55. Nxa8+ Kc6 56. Bb4 Rg8 57. Ke6 Rxa8 58. f5 Rh8 59. f6 Rh6 60. Ke7 Rxf6 61. Kxf6 Kb7 62. Ke7 Ka8 63. Kd7 Ka7 64. a4 Ka8 65. a5 Ka7 66. Kc6 Ka8 67. a6 Ka7 68. Kb5 Ka8 69. Kb6 Kb8 70. a7+ Ka8 71. Ka6 1/2-1/2


[Site "https://www.chess.com"]

[Event "Titled Tuesday Blitz February 15 Late 2022"]
[White "Antolak, Julia"]
[Black "Roque Sola, Jose Luis"]
[WhiteFideId "1159569"]
[BlackFideId "5120390"]
[WhiteElo "2104"]
[BlackElo "1983"]
[Result "1-0"]
[Round "04"]
[TimeControl "180+1"]
[Date "2022.02.16"]
[WhiteClock "0:01:55"]
[BlackClock "0:01:01"]

1. e4 e6 2. d4 d5 3. Nd2 c5 4. exd5 Qxd5 5. Ngf3 cxd4 6. Bc4 Qd8 7. O-O Nf6 8. Nb3 Nc6 9. Qe2 a6 10. a4 Qc7 11. Rd1 Bd6 12. Nbxd4 Nxd4 13. Rxd4 O-O 14. Bg5 e5 15. Rh4 Ng4 16. h3 e4 17. Qxe4 Nxf2 18. Qxh7# 1-0


[Site "https://www.chess.com"]

[Event "Titled Tuesday Blitz February 15 Late 2022"]
[White "Antonova, Nadezhda"]
[Black "Petrovic, Aleksa"]
[WhiteFideId "14700182"]
[BlackFideId "967629"]
[WhiteElo "1765"]
[BlackElo "2139"]
[Result "1-0"]
[Round "04"]
[TimeControl "180+1"]
[Date "2022.02.16"]
[WhiteClock "0:00:10"]
[BlackClock "0:00:14"]

1. Nf3 Nf6 2. b3 d5 3. Bb2 Bg4 4. e3 Nbd7 5. h3 Bh5 6. g4 Bg6 7. d3 c6 8. g5 Ng8 9. Nh4 e5 10. Nxg6 hxg6 11. h4 Ne7 12. e4 dxe4 13. dxe4 Nc8 14. Nd2 Bb4 15. c3 Bc5 16. Qf3 Qb6 17. Nc4 Qc7 18. O-O-O Nf8 19. Bh3 b5 20. Ne3 Nd6 21. Ng4 Nb7 22. Qg3 Bd6 23. Ne3 Nd8 24. c4 Nde6 25. cxb5 cxb5+ 26. Kb1 Nd4 27. Rc1 Qb7 28. Bxd4 Qxe4+ 29. Nc2 Rxh4 30. Bg2 Rxh1 31. Bxe4 Rxc1+ 32. Kxc1 Ne6 33. Bxe5 Bc5 34. Bxa8 1-0


[Site "https://www.chess.com"]

[Event "Titled Tuesday Blitz February 15 Late 2022"]
[White "Arabidze, Meri"]
[Black "Kushko, Dmitriy"]
[WhiteFideId "13604040"]
[BlackFideId "14162261"]
[WhiteElo "2719"]
[BlackElo "2499"]
[Result "1-0"]
[Round "04"]
[TimeControl "180+1"]
[Date "2022.02.16"]
[WhiteClock "0:00:44"]
[BlackClock "0:00:10"]

1. d4 g5 2. Nf3 g4 3. Ne5 d6 4. Nd3 Bg7 5. e3 Nf6 6. c4 Nc6 7. Nc3 e5 8. d5 Ne7 9. e4 Ng6 10. g3 c5 11. h4 h5 12. a3 Bd7 13. Bg5 Bh6 14. Bxh6 Rxh6 15. Qd2 Rh8 16. Be2 Rc8 17. Bf1 a6 18. a4 Ng8 19. Nd1 f5 20. exf5 Bxf5 21. Bg2 Nf6 22. Ne3 Bxd3 23. Qxd3 Ne7 24. O-O Rg8 25. a5 Kd7 26. Rfb1 Rc7 27. b4 cxb4 28. Rxb4 Kc8 29. Rb6 Rg6 30. Nf5 e4 31. Bxe4 Nxe4 32. Qxe4 Rf6 33. Ne3 Qf8 34. Ra2 Ng6 35. Rab2 Ne5 36. c5 dxc5 37. Qxe5 Rxb6 38. Rxb6 c4 39. d6 1-0


[Site "https://www.chess.com"]

[Event "Titled Tuesday Blitz February 15 Late 2022"]
[White "Aradhya, Garg"]
[Black "Jacobson, Brandon"]
[WhiteFideId "25006746"]
[BlackFideId "30901561"]
[WhiteElo "2169"]
[BlackElo "2362"]
[Result "1-0"]
[Round "04"]
[TimeControl "180+1"]
[Date "2022.02.15"]
[WhiteClock "0:00:13"]
[BlackClock "0:00:01"]

1. d4 Nf6 2. c4 g6 3. g3 c5 4. Nf3 Bg7 5. Bg2 Qa5+ 6. Nc3 Ne4 7. O-O Nxc3 8. bxc3 O-O 9. Qb3 Nc6 10. Rd1 d6 11. dxc5 Qxc5 12. Ba3 Qa5 13. Nd4 Qa6 14. c5 Na5 15. Qc2 Nc4 16. Bb4 dxc5 17. Bxc5 Re8 18. a4 Bd7 19. Rdb1 b6 20. Bxa8 Rxa8 21. Bxe7 Qb7 22. Bg5 Rc8 23. Rd1 Bh3 24. f3 h6 25. Bc1 Re8 26. e4 f5 27. Qa2 Qf7 28. exf5 Qd5 29. Bf4 Kh8 30. fxg6 Bxd4+ 31. Rxd4 Qxf3 32. Qf2 Qc6 33. Bxh6 Ne5 34. Rf4 Qxg6 35. Rf8+ Kh7 36. Rxe8 Qxe8 37. Bf4 Ng4 38. Qc2+ Kg8 39. Rd1 Qc6 40. Qb3+ Kh8 41. Qd5 Qf6 42. Qd4 Kg7 43. c4 Qxd4+ 44. Rxd4 Kg6 45. Rd6+ Kf5 46. Rd7 a5 47. Rb7 Ke4 48. Rxb6 Kf3 49. Rb3+ Ke2 50. c5 Ne5 51. Bxe5 1-0


[Site "https://www.chess.com"]

[Event "Titled Tuesday Blitz February 15 Late 2022"]
[White "Barp, Alberto"]
[Black "Medeiros Jr, Francisco De Assis"]
[WhiteFideId "872555"]
[BlackFideId "2114267"]
[WhiteElo "2229"]
[BlackElo "1998"]
[Result "1-0"]
[Round "04"]
[TimeControl "180+1"]
[Date "2022.02.16"]
[WhiteClock "0:00:02"]
[BlackClock "0:00:04"]

1. d4 d5 2. c4 e6 3. Nf3 a6 4. Bg5 Nf6 5. cxd5 exd5 6. Nc3 Be6 7. Bxf6 Qxf6 8. Qb3 b5 9. a4 b4 10. Nxd5 Qd8 11. e4 c6 12. Qe3 cxd5 13. exd5 Qxd5 14. Rc1 Be7 15. Bc4 Qd7 16. Ne5 Qd6 17. Bxe6 fxe6 18. Rc8+ Bd8 19. Qf3 Ra7 20. O-O Rf8 21. Qe4 Nd7 22. Nc6 Rc7 23. Rxd8+ Kf7 24. Ne5+ Kg8 25. Rxf8+ Nxf8 26. h4 Qd5 27. Qe3 Nd7 28. Nf3 Nb6 29. Re1 Nc4 30. Qe2 b3 31. Rc1 a5 32. Rc3 Rc6 33. Rxb3 Nd6 34. Rb8+ Kf7 35. Ne5+ Ke7 36. Nxc6+ Qxc6 37. Rb3 Nf5 38. Rd3 Qc1+ 39. Rd1 Qf4 40. g3 Qd6 41. d5 Nd4 42. Rxd4 1-0


[Site "https://www.chess.com"]

[Event "Titled Tuesday Blitz February 15 Late 2022"]
[White "Bellissimo, Joseph F."]
[Black "Xie, Bryan"]
[WhiteFideId "2609843"]
[BlackFideId "30941296"]
[WhiteElo "2061"]
[BlackElo "1899"]
[Result "1-0"]
[Round "04"]
[TimeControl "180+1"]
[Date "2022.02.16"]
[WhiteClock "0:01:18"]
[BlackClock "0:00:02"]

1. e4 c5 2. Nf3 e6 3. c3 Nf6 4. e5 Nd5 5. d4 cxd4 6. cxd4 d6 7. Bc4 Be7 8. O-O O-O 9. Bd2 b6 10. Nc3 Nxc3 11. bxc3 Bb7 12. Re1 Na6 13. Qe2 Nc7 14. Rad1 Rc8 15. Bd3 h6 16. Bb1 d5 17. Qd3 g6 18. Bxh6 Re8 19. Re3 Ba6 20. Qd2 Nb5 21. h4 Na3 22. Ng5 Nc4 23. Qc1 Nxe3 24. Qxe3 Bxg5 25. Bxg5 Qc7 26. Bf6 Kh7 27. Qg5 Rg8 28. Qh5# 1-0


[Site "https://www.chess.com"]

[Event "Titled Tuesday Blitz February 15 Late 2022"]
[White "Carreto Nieto, Giovanni"]
[Black "Kalashian, David"]
[WhiteFideId "5105030"]
[BlackFideId "13302418"]
[WhiteElo "2221"]
[BlackElo "2490"]
[Result "1-0"]
[Round "04"]
[TimeControl "180+1"]
[Date "2022.02.16"]
[WhiteClock "0:00:31"]
[BlackClock "0:00:01"]

1. e4 c6 2. d4 g6 3. Nc3 Bg7 4. Be3 d6 5. Qd2 Nd7 6. f3 b5 7. h4 h5 8. Nh3 Nb6 9. Ng5 b4 10. Nd1 a5 11. Nf2 Nf6 12. a3 bxa3 13. Rxa3 O-O 14. Be2 Ba6 15. O-O Nc4 16. Bxc4 Bxc4 17. Rfa1 Qb6 18. b3 Bb5 19. Rxa5 Rxa5 20. Qxa5 Qxa5 21. Rxa5 Be2 22. Ngh3 e5 23. dxe5 dxe5 24. Kh2 Rd8 25. Ng1 Bd1 26. Ra2 Bf8 27. g3 Bb4 28. Kg2 Kg7 29. Nd3 Bc3 30. Nc5 Bb4 31. Nd3 Bc3 32. Nf2 Rd7 33. Kf1 Rd8 34. Nd3 Bxc2 35. Rxc2 Rxd3 36. Ke2 Rxe3+ 37. Kxe3 Bd4+ 38. Kd3 Bxg1 39. Rxc6 Nd7 40. b4 Kf8 41. b5 Ke7 42. f4 exf4 43. gxf4 Bf2 44. e5 Bg3 45. Ke4 Bf2 46. Kf3 Bb6 47. Ke4 Bg1 48. Rc2 Bb6 49. Kd5 Be3 50. Ke4 Bg1 51. Rc1 Bb6 52. Kd5 Be3 53. Rf1 Bb6 54. Kc6 Be3 55. Rf3 Bg1 56. Rd3 Nb6 57. Rd1 Bf2 58. Rf1 Be3 59. f5 1-0


[Site "https://www.chess.com"]

[Event "Titled Tuesday Blitz February 15 Late 2022"]
[White "Chabris, Christopher"]
[Black "Sanal, Vahap"]
[WhiteFideId "2005263"]
[BlackFideId "6300545"]
[WhiteElo "2324"]
[BlackElo "2603"]
[Result "0-1"]
[Round "04"]
[TimeControl "180+1"]
[Date "2022.02.16"]
[WhiteClock "0:00:02"]
[BlackClock "0:01:27"]

1. e4 d6 2. d4 Nf6 3. Nc3 e5 4. Nf3 Nbd7 5. g4 d5 6. exd5 exd4 7. Nxd4 Bb4 8. Nf5 O-O 9. Qd4 Re8+ 10. Be3 Bxc3+ 11. bxc3 Ne5 12. Be2 Bxf5 13. gxf5 Qxd5 14. Qxd5 Nxd5 15. Bd4 Rac8 16. O-O-O c5 17. c4 Nf4 18. Bxe5 Nxe2+ 19. Kb2 Rxe5 20. Rhe1 Ree8 21. Rd7 b6 22. Rxa7 Nd4 23. Rae7 Rxe7 24. Rxe7 Nxf5 25. Rb7 Nd6 26. Rd7 Nxc4+ 27. Kc3 Ne5 28. Rd6 b5 29. f4 Nc4 30. Rd7 Nb6 0-1


[Site "https://www.chess.com"]

[Event "Titled Tuesday Blitz February 15 Late 2022"]
[White "Chernomordik, Pavel"]
[Black "Dias, Joao Batista"]
[WhiteFideId "2804530"]
[BlackFideId "2108240"]
[WhiteElo "2249"]
[BlackElo "1898"]
[Result "0-1"]
[Round "04"]
[TimeControl "180+1"]
[Date "2022.02.16"]
[WhiteClock "0:00:23"]
[BlackClock "0:00:28"]

1. e4 e6 2. Nc3 d5 3. d4 dxe4 4. Nxe4 Nf6 5. Nxf6+ Qxf6 6. Nf3 h6 7. Bd3 Bd6 8. Qe2 O-O 9. Bd2 a6 10. O-O-O b5 11. g4 Bb7 12. Be4 Bxe4 13. Qxe4 Nd7 14. g5 hxg5 15. Nxg5 Qf5 16. Qg2 Bf4 17. h4 Bxd2+ 18. Rxd2 Nf6 19. h5 Nh7 20. Nf3 Rad8 21. Ne5 Qf4 22. Rg1 Qh6 23. Kb1 Kh8 24. Rd3 Nf6 25. Qc6 Qf4 26. c3 Nxh5 27. Rh1 Qf5 28. Ka1 g6 29. Qxc7 Kg7 30. Rf3 Qe4 31. Qe7 Nf4 32. Qg5 Rh8 33. Re1 Qxe1# 0-1


[Site "https://www.chess.com"]

[Event "Titled Tuesday Blitz February 15 Late 2022"]
[White "Chigaev, Maksim"]
[Black "Mikhailovsky, Vladimir"]
[WhiteFideId "4108116"]
[BlackFideId "34105414"]
[WhiteElo "2502"]
[BlackElo "2371"]
[Result "1-0"]
[Round "04"]
[TimeControl "180+1"]
[Date "2022.02.15"]
[WhiteClock "0:00:04"]
[BlackClock "0:00:09"]

1. d4 d5 2. Nf3 Nf6 3. g3 Bf5 4. Bg2 e6 5. O-O h6 6. c4 c6 7. Nc3 Be7 8. Nd2 Bh7 9. e4 O-O 10. e5 Ne8 11. Re1 dxc4 12. Nxc4 Nd7 13. h4 Nb6 14. b3 Nc7 15. Bb2 Qd7 16. Ne4 Nxc4 17. bxc4 Rfd8 18. Qg4 Bf5 19. Qf4 b5 20. c5 Nd5 21. Qd2 Bxe4 22. Bxe4 f5 23. exf6 Nxf6 24. Bf3 Bxc5 25. Qc2 Bxd4 26. Bxd4 Qxd4 27. Qxc6 Rac8 28. Qxe6+ Kh8 29. Rad1 Qc3 30. Kg2 Re8 31. Qb3 Qc5 32. Rxe8+ Rxe8 33. Rd2 Rf8 34. Qe6 a5 35. Re2 a4 36. Qe7 Qc8 37. Qb4 Qf5 38. Qxf8+ Kh7 39. Qb4 1-0


[Site "https://www.chess.com"]